 Dungeon Crawl Stone Soup version 0.29.1-2-gbd0b4ee654 (webtiles) character file.

Game seed: 15314104418857131935

4793 mortz the Cleaver (level 10, -2/63 HPs)
             Began as a Gargoyle Fighter on Oct 29, 2022.
             Killed by divine providence
             ... invoked by an orc priest
              (14 damage)
             ... on level 8 of the Dungeon.
             The game lasted 00:48:52 (7963 turns).

mortz the Cleaver (Gargoyle Fighter)                Turns: 7963, Time: 00:48:53

Health: -2/63      AC: 23    Str: 28    XL:     10   Next: 48%
Magic:  10/10      EV: 12    Int:  9    God:
Gold:   622        SH:  0    Dex:  9    Spells: 9/9 levels left

rFire   + . .      SeeInvis .   M - +1 battleaxe (vorpal)
rCold   . . .      Faith    .   (shield currently unavailable)
rNeg    + . .      Spirit   .   Q - +1 troll leather armour "Sejirgha" {rF+ Will+ Regen+ Str+4}
rPois   ∞          Reflect  .   E - +2 hat
rElec   +          Harm     .   N - +0 cloak
rCorr   .          Rampage  .   H - +0 pair of gloves
Will    +....                   F - +0 pair of boots
Stlth   +.........              s - amulet of regeneration
HPRegen 1.80/turn               o - +4 ring of protection
MPRegen 0.12/turn               (no ring)

@: no status effects
A: sickness immunity, AC +7, negative energy resistance 1, electricity
resistance, torment resistance 1, petrification resistance
a: no special abilities


You were on level 8 of the Dungeon.
You visited 2 branches of the dungeon, and saw 9 of its levels.
You also visited: Sewer.

You collected 658 gold pieces.
You spent 36 gold pieces at shops.

Inventory:

Hand Weapons
 a - the +3 hand crossbow "Ruwn" {flame, Fly rPois}
   (You found it on level 6 of the Dungeon)

   Any ammunition fired from it burns those it strikes, dealing additional fire
   damage.
   rPois:     It protects you from poison.
   Fly:       It grants you flight.
 b - the +7 lajatang of Order {silver, rMut}
   (You found it on level 6 of the Dungeon)

   It inflicts extra damage upon those it strikes, and deals substantially
   increased damage to chaotic, mutated and magically transformed beings.
   rMut:      It protects you from mutation.
 f - a +0 dagger
 l - a +2 dagger of venom
 p - a +0 long sword
 q - a +1 antimagic hand axe
 v - a +2 dagger of venom
 A - a +2 falchion of holy wrath
 C - a +2 short sword of venom
 D - a +2 dagger of freezing
 I - a +2 war axe
 M - a +1 vorpal battleaxe (weapon)
 O - a +0 war axe
 T - a +1 short sword of electrocution
Missiles
 h - 81 stones
 k - 4 atropa-tipped darts
 m - 2 throwing nets
 n - 15 poisoned darts
 x - 6 boomerangs (quivered)
Armour
 c - a +0 buckler
 e - a +0 plate armour
 u - a +0 scale mail of fire resistance
 w - a +0 helmet
 y - a scarf of harm
 B - a +3 leather armour
 E - a +2 hat (worn)
 F - a +0 pair of boots (worn)
 G - a +2 robe of fire resistance
 H - a +0 pair of gloves (worn)
 N - a +0 cloak (worn)
 P - a +1 robe of fire resistance
 Q - the +1 troll leather armour "Sejirgha" (worn) {rF+ Will+ Regen+ Str+4}
   (You found it on level 6 of the Dungeon)

   Str:       It affects your strength (+4).
   rF:        It protects you from fire.
   Regen:     It increases your rate of health regeneration.
   Will:      It increases your willpower.
 S - a +2 robe of willpower
 Y - a +2 ring mail of fire resistance
Jewellery
 o - a +4 ring of protection (left hand)
 s - an amulet of regeneration (around neck)
 W - the ring of Quh Qat {Fire Int+2 Dex+2}
   (You found it on level 7 of the Dungeon)

   [ring of fire]

   It enhances your fire magic.
   Int:       It affects your intelligence (+2).
   Dex:       It affects your dexterity (+2).
   rF:        It protects you from fire.
   rC:        It makes you vulnerable to cold.
Wands
 t - a wand of flame (15)
Scrolls
 j - 3 scrolls of immolation
 K - 2 scrolls of poison
 R - a scroll of blinking
 V - a scroll of teleportation
Potions
 d - 4 potions of might
 g - a potion of brilliance
 i - 3 potions of berserk rage
 r - a potion of magic
 z - a potion of curing
 J - 2 potions of ambrosia {unknown}
 L - 4 potions of heal wounds
 X - a potion of attraction {unknown}


   Skills:
 + Level 7.2 Fighting
 + Level 8.6 Axes
 + Level 4.4 Staves
 + Level 3.6 Ranged Weapons
 + Level 7.2 Armour
 + Level 2.6 Dodging
 + Level 2.1 Stealth
 + Level 6.1 Shields


You had 9 spell levels left.
You didn't know any spells.
Your spell library contained the following spells:

 Spells                   Type           Power      Damage    Failure   Level
 Magic Dart               Conj           0%         1d3       41%         1
 Searing Ray              Conj           0%         2d4       56%         2
 Wereblood                Tmut           0%         N/A       56%         2
 Ignite Poison            Fire/Tmut/Pois 0%         N/A       80%         3
 Mephitic Cloud           Conj/Pois/Air  0%         N/A       80%         3
 Stone Arrow              Conj/Erth      0%         3d7       80%         3
 Animate Armour           Summ/Erth      0%         N/A       99%         4
 Fulminant Prism          Conj/Hex       0%         3d6       99%         4
 Summon Ice Beast         Ice/Summ       0%         N/A       99%         4
 Freezing Cloud           Conj/Ice/Air   0%         6-21      100%        5
 Summon Mana Viper        Hex/Summ       0%         N/A       100%        5
 Monstrous Menagerie      Summ           0%         N/A       100%        7
 Summon Hydra             Summ           0%         N/A       100%        7
 Lehudib's Crystal Spear  Conj/Erth      0%         10d2      100%        8
 Sublimation of Blood     Necr           Unusable   N/A       N/A         2

Dungeon Overview and Level Annotations

Branches:
Dungeon (8/15) Zot: 26830  Temple (1/1) D:7 Zot: 5865   Sewer (visited)
   Lair: D:8-11

Altars:
Cheibriados
Elyvilon
Kikubaaqudgha
Makhleb
Qazlal
Ru
Sif Muna
Vehumet
Wu Jian
Zin
The Shining One
Lugonu

Shops:
D:1 *

Portals:
Abyss: Temple

Annotations:
D:3 1 runed translucent door, Crazy Yiuf
D:5 2 transporters, nshep25's ghost, weakling DgDe
D:7 3 runed translucent doors, Icepheonix32's ghost, novice MiFi


Innate Abilities, Weirdness & Mutations

You are immune to sickness and miasma.
Your stone body is resilient. (AC +7)
You are immune to poison.
You resist negative energy. (rN+)
You are resistant to electric shocks. (rElec)
You are resistant to unholy torment.
You are immune to petrification.


Message History

The orc priest calls down the wrath of Beogh upon you.
Beogh smites you! The orc warrior barely misses you.
The orc priest hits you with a +0 flail.
You hit the orc priest.
The orc priest is lightly wounded.
You hit the jelly.
Your hands burn!
You barely miss the orc warrior.
The orc wizard mumbles some strange words.
The orc wizard flickers and vanishes!
You slice the orc priest!!
You kill the orc priest!
You barely miss the orc warrior. You hit the jelly.
Your hands burn!
The orc priest calls upon Beogh to heal the orc warrior.
The orc warrior is healed somewhat.
The orc warrior misses you. The jelly closely misses you.
You barely miss something. You barely miss the orc warrior. You hit the jelly.
Your hands burn!
You completely miss the ice beast.
The orc warrior hits you with a +0 scimitar of protection.
Something hits you but does no damage. The jelly closely misses you.
You completely miss something. You slash the jelly!
You kill the jelly!
You slash the ice beast! You barely miss the orc warrior.
The orc warrior hits you with a +0 scimitar of protection.
Something hits you but does no damage. The ice beast closely misses you.
Something hits you but does no damage. The orc barely misses you.
The orc warrior hits you with a +0 scimitar of protection.
You barely miss something. You hit the orc warrior. You slash the orc!
You kill the orc!
You barely miss the ice beast. Something hits you but does no damage.
The ice beast hits you. The ice beast freezes you!
* * * LOW HITPOINT WARNING * * *
The orc priest invokes the aid of Beogh against you.
Beogh smites you!
* * * LOW HITPOINT WARNING * * *
The orc warrior hits you with a +0 scimitar of protection.
* * * LOW HITPOINT WARNING * * *
The orc warrior attacks as you move away!
The orc attacks as you move away! The orc completely misses you.
The orc priest invokes the aid of Beogh against you.
Beogh smites you!
You die...

...... ..... .. ..≈.§≈.≈
..>. #. ..≈.......≈ ...##
#.##.≈≈≈≈≈≈≈≈≈
...#####............
..##.........##.... #.
#.##.........#..# #.#
#<....>........#
..######.....@o.[..#
#...#.........o....###
###...#.#.....Y.{....# #
#<..............o{##.....
####........#..##..)o)# ....
.##............##......# ...
...............###....... .#
.......................... #
...#...........##......$...#


You could see an orc warrior, an ice beast, an orc priest and 2 orcs.

Vanquished Creatures
  A two-headed ogre (D:8)
  Joseph (D:7)
  Sigmund (D:2)
  A shadow (D:6)
  Eustachio (D:4)
  2 wyverns (D:6)
  Menkaure (D:6)
  Duvessa (D:4)
  2 water moccasins
  A black bear (D:4)
  An orc warrior (D:6)
  2 ice beasts (D:6)
  Pargi (Sewer)
  A sky beast (D:7)
  3 bullfrogs
  A necrophage (D:5)
  4 scorpions
  6 wights
  Dowan (D:4)
  4 killer bees
  A howler monkey (D:6)
  A crimson imp (D:7)
  3 jellies
  2 hounds
  6 orc priests
  Ijyb (D:4)
  Natasha (thrice) (D:3)
  An iguana (D:5)
  6 orc wizards
  Robin (D:4)
  7 adders
  14 gnolls
  A river rat (D:6)
  A shadow imp (D:6)
  3 ufetubi
  2 worms
  3 dart slugs
  30 orcs
  An endoplasm (D:2)
  5 giant cockroaches
  46 goblins
  26 hobgoblins
  14 jackals
  10 kobolds
  8 quokkas
  5 ball pythons
  6 bats
  5 frilled lizards
  4 rats
252 creatures vanquished.

Vanquished Creatures (others)
  2 withered plants (D:1)
2 creatures vanquished.

Grand Total: 254 creatures vanquished

Notes
Turn   | Place    | Note
-------+----------+-------------------------------------------
     0 | D:1      | mortz the Gargoyle Fighter began the quest for the Orb.
     0 | D:1      | Reached XP level 1. HP: 14/14 MP: 1/1
    39 | D:1      | Reached XP level 2. HP: 17/19 MP: 2/2
   158 | D:1      | Reached skill level 2 in Axes
   455 | D:1      | Found Ebojiv's General Store.
   485 | D:1      | Found a faded altar of an unknown god.
   486 | D:1      | Bought a potion of curing for 36 gold pieces
   489 | D:1      | Reached XP level 3. HP: 15/24 MP: 3/3
   949 | D:2      | Noticed Sigmund
   983 | D:2      | Killed Sigmund
   984 | D:2      | Reached skill level 3 in Axes
   984 | D:2      | Reached XP level 4. HP: 27/29 MP: 1/4
   984 | D:2      | Reached XP level 5. HP: 30/33 MP: 1/5
  1386 | D:2      | Reached XP level 6. HP: 35/38 MP: 6/6
  1746 | D:3      | Reached skill level 4 in Axes
  1965 | D:3      | Noticed Natasha
  1973 | D:3      | Killed Natasha
  2326 | D:3      | Found a runed translucent door.
  2327 | D:3      | Noticed Crazy Yiuf
  2443 | D:3      | Reached XP level 7. HP: 41/44 MP: 7/7
  2648 | D:3      | Noticed Natasha
  2655 | D:3      | Killed Natasha
  2656 | D:3      | Reached skill level 5 in Axes
  3051 | D:3      | Noticed Natasha
  3059 | D:3      | Killed Natasha
  3136 | D:4      | Noticed Ijyb
  3137 | D:4      | Noticed Robin
  3147 | D:4      | Reached skill level 5 in Armour
  3154 | D:4      | Killed Ijyb
  3155 | D:4      | Killed Robin
  3243 | D:4      | Noticed Duvessa
  3243 | D:4      | Noticed Dowan
  3423 | D:4      | Found an ancient bone altar of Kikubaaqudgha.
  3459 | D:4      | Found a snail-covered altar of Cheibriados.
  3479 | D:4      | Found a white marble altar of Elyvilon.
  3554 | D:4      | Noticed Eustachio
  3872 | D:4      | Reached XP level 8. HP: 39/48 MP: 8/8
  3951 | D:4      | Found a sacrificial altar of Ru.
  4108 | D:4      | Killed Eustachio
  4109 | D:4      | Reached skill level 6 in Axes
  4209 | D:4      | Found a snail-covered altar of Cheibriados.
  4241 | D:4      | Found a sacrificial altar of Ru.
  4255 | D:4      | Killed Duvessa
  4256 | D:4      | Reached skill level 5 in Fighting
  4272 | D:4      | Killed Dowan
  4449 | D:4      | Found an ancient bone altar of Kikubaaqudgha.
  4454 | D:4      | Found a white marble altar of Elyvilon.
  4576 | D:5      | Entered Level 5 of the Dungeon
  4690 | D:5      | Found a shimmering blue altar of Sif Muna.
  4777 | D:5      | Reached skill level 5 in Shields
  4912 | D:5      | Reached skill level 7 in Axes
  4978 | D:5      | Found a transporter.
  5091 | D:5      | Found a transporter.
  5102 | D:5      | Noticed nshep25's ghost (weakling DgDe)
  5561 | D:6      | Noticed Menkaure
  5570 | D:6      | Killed Menkaure
  5571 | D:6      | Reached XP level 9. HP: 48/55 MP: 9/9
  5654 | D:6      | Found a glowing drain.
  5658 | Sewer    | Entered a sewer
  5714 | Sewer    | Noticed Pargi
  5751 | Sewer    | Killed Pargi
  5844 | D:6      | Found a stormy altar of Qazlal.
  5964 | D:6      | Found a glowing silver altar of Zin.
  6157 | D:6      | Found a large runed translucent door.
  6157 | D:6      | Found a large runed translucent door.
  6165 | D:6      | Found the +7 lajatang of Order {silver, rMut}
  6173 | D:6      | Reached skill level 8 in Axes
  6177 | D:6      | Found a large runed translucent door.
  6177 | D:6      | Found a large runed translucent door.
  6192 | D:6      | Identified the +3 hand crossbow "Ruwn" {flame, Fly rPois}
  6331 | D:6      | Reached skill level 1 in Stealth
  6421 | D:6      | Reached skill level 1 in Dodging
  6444 | D:6      | Identified the +1 troll leather armour "Sejirgha" {rF+
                  | Will+ Regen+ Str+4}
  6935 | D:7      | Reached skill level 1 in Staves
  6977 | D:7      | Reached skill level 1 in Ranged Weapons
  7118 | D:7      | Found an ornate altar of the Wu Jian Council.
  7159 | D:7      | Found a burning altar of Makhleb.
  7161 | D:7      | Found a radiant altar of Vehumet.
  7182 | D:7      | Identified the ring of Quh Qat {Fire Int+2 Dex+2}
  7223 | D:7      | Noticed Joseph
  7229 | D:7      | Killed Joseph
  7230 | D:7      | Reached XP level 10. HP: 53/61 MP: 10/10
  7293 | D:7      | Found a runed translucent gate.
  7293 | D:7      | Found a runed translucent gate.
  7293 | D:7      | Found a runed translucent gate.
  7323 | D:7      | Noticed Icepheonix32's ghost (novice MiFi)
  7380 | D:7      | Found a staircase to the Ecumenical Temple.
  7388 | Temple   | Entered the Ecumenical Temple
  7390 | Temple   | Found a one-way gate to the infinite horrors of the Abyss.
  7855 | D:8      | Found a glowing golden altar of the Shining One.
  7901 | D:8      | Noticed a two-headed ogre
  7908 | D:8      | Killed a two-headed ogre
  7963 | D:8      | Killed from afar by an orc priest

Illustrated notes

Levels and vault maps discovered:
D:1:      spicycebolla_arrival_clurvy, layout_rooms,
          ebering_ecumenical_altar_sacrificial, serial_shops, shop
D:2:      layout_loops_ring, minmay_tall_x, uniq_sigmund
D:3:      minmay_goblin_kobold_castle, layout_basic, uniq_natasha,
          uniq_crazy_yiuf_cottage
D:4:      layout_gridville, nicolae_ru_great_annihilating_truth,
          mainiacjoe_overflow_cross_hatched, grunt_temple_overflow_open,
          uniq_robin, uniq_eustachio, uniq_ijyb, uniq_duvessa
D:5:      layout_loops_ring, mainiacjoe_overflow_small_starburst,
          gammafunk_ghost_mausoleum, chequers_serial_rivers_small_3,
          grunt_tough_drop
D:6:      layout_cave_pods, lemuel_round_altar, grunt_qazlal_clouds,
          gup_sewer_entry_bowl, hangedman_decor_clover_reticule,
          kennysheep_path_1, roderic_serpentine_path,
          minmay_hollow_rounded_squares, uniq_menkaure
D:7:      layout_gridville, grunt_temple_overflow_lords_of_destruction,
          mainiacjoe_overflow_chevrons, minmay_temple_entry_butterflies,
          gammafunk_ghost_icy, uniq_joseph
D:8:      layout_rooms, regret_index_temple_of_mockery, amcnicky_altar_gilded,
          mainiacjoe_overflow_concentric_impassable
Temple:   nicolae_temple_total_abyssal_victory

Skill      XL: |  1  2  3  4  5  6  7  8  9 10 |
---------------+-------------------------------+-----
Axes           | 2 3 4 5 7 8 |  8.6
Fighting       | 4 5 6 7 |  7.2
Armour         | 4 5 6 7 |  7.2
Shields        | 4 5 6 |  6.1
Stealth        | 2 |  2.1
Dodging        | 2 |  2.6
Staves         | 3 4 |  4.4
Ranged Weapons | 2 3 |  3.6

Action                   |  1- 3 |  4- 6 |  7- 9 | 10-12 || total
-------------------------+-------+-------+-------+-------++-------
Melee: War axe           |   125 |   155 |   419 |       ||   699
       Hand axe          |       |     7 |       |       ||     7
       Lajatang          |       |       |    34 |    31 ||    65
       Battleaxe         |       |       |     7 |    19 ||    26
 Fire: Hand crossbow     |       |       |    33 |    17 ||    50
Throw: Dart              |       |       |     1 |       ||     1
  Use: Scroll            |     2 |     3 |     9 |     3 ||    17
       Potion            |     1 |       |     1 |       ||     2
Armor: Scale mail        |    65 |       |       |       ||    65
       Plate armour      |    24 |   192 |   459 |       ||   675
       Troll leather arm |       |       |    55 |    51 ||   106
Dodge: Dodged            |    69 |    78 |   228 |    47 ||   422
Block: Buckler           |    40 |    51 |   154 |       ||   245
